AoeStats
← WhiteBr0nc0

Socotra

505983901Analyzed
2v2 RM · 21d ago on Sep 11, 2026· 29m 39s· 4 players
Game mode
Random Map
Map size
Tiny (2 player)
Population
200
Speed
Normal
Resources
Standard
Victory
Conquest
Starting age
Dark Age
Ending age
Imperial Age
RankedLock teamsTeams togetherTeam positionsShared explorationLock speedFull tech treeHidden civsTurbo modeCheats
Victory
Defeat
🇲🇽 Sicilians · Mexico
985
+16
🇲🇽 Turks · Mexico
983
+16
🇺🇸 Vikings · United States
992
-17
🇺🇸 Sicilians · United States
971
-15
WhiteBr0nc0
9:06 Loom
11:37 Feudal Age
13:01 Double-Bit Axe
13:00 Horse Collar
13:04 Man-at-Arms
15:37 Scale Mail Armor
15:49 Forging
26:51 Castle Age
Phillyblnts
12:56 Loom
16:14 Feudal Age
21:39 Forging
23:43 Castle Age
24:40 Forging
25:41 Scale Mail Armor
Rulo
7:28 Loom
10:13 Feudal Age
12:37 Town Watch
16:48 Forging
17:20 Double-Bit Axe
19:11 Bloodlines
21:28 Wheelbarrow
21:22 Scale Barding Armor
26:08 Castle Age
25:05 Horse Collar
30:28 Iron Casting
30:13 Chain Barding Armor
NeoGraieb
8:49 Loom
11:51 Feudal Age
16:46 Castle Age
14:52 Scale Mail Armor
16:51 Fletching
16:55 Town Watch
18:42 Forging
21:35 Bloodlines
24:20 Chain Mail Armor
26:26 Iron Casting
Connection lost

Rejoining the realm…

Still unreachable

The connection could not be restored.

Session expired

The server has moved on; the page needs a fresh start.